 Dungeon Crawl Stone Soup version 0.26-a0-812-g31a745ddcd (webtiles) character file.

Game seed: 4356719157104681674

220 kae the Insei (level 5, 0/30 HPs)
             Began as a Tengu Transmuter on Nov 23, 2020.
             Was an Initiate of Wu Jian.
             Killed by nerve-wracking pain
             ... invoked by Grinder
              (6 damage)
             ... on level 3 of the Dungeon.
             The game lasted 00:02:52 (4163 turns).

kae the Insei (Tengu Transmuter)                    Turns: 4163, Time: 00:02:53

Health: 0/30       AC:  5    Str: 12    XL:     5   Next: 97%
Magic:  10/10      EV: 14    Int: 13    God:    Wu Jian [......]
Gold:   173        SH:  0    Dex: 14    Spells: 5/9 levels left

rFire    . . .     SeeInvis .     - Unarmed
rCold    . . .     Faith    .   (no shield)
rNeg     . . .     Spirit   .   t - +0 ring mail
rPois    .         Reflect  .   (helmet restricted)
rElec    .         Harm     .   (no cloak)
rCorr    .         Rampage  .   (no gloves)
MR       .....                  (boots unavailable)
Stlth    ..........             (no amulet)
HPRegen  0.10/turn              (no ring)
MPRegen  0.12/turn              (no ring)

@: confused, lethally poisoned (0 -> -3), flying quickly and evasively, quick
A: beak, talons 3, able to fly
a: Stop Flying, Renounce Religion


You were on level 3 of the Dungeon.
You worshipped Wu Jian.
Wu Jian was noncommittal.
You visited 1 branch of the dungeon, and saw 3 of its levels.

You collected 173 gold pieces.

Inventory:

Armour
 a - a +0 robe
 j - a +0 leather armour
 t - a +0 ring mail (worn)
Jewellery
 m - a +6 ring of strength {unknown}
 u - an uncursed ring of flight {unknown}
Wands
 s - a wand of digging (8)
Scrolls
 e - a scroll of random uselessness
 g - a scroll of teleportation {unknown}
 i - a scroll of identify
 l - a scroll of enchant weapon {unknown}
 n - 2 scrolls of immolation {unknown}
 o - a scroll of enchant armour {unknown}
 r - a scroll of remove curse {unknown}
Potions
 b - a potion of might
 k - 2 potions of curing {unknown}
 q - a potion of attraction {unknown}
 v - a potion of flight {unknown}


   Skills:
 + Level 2.1 Fighting
 + Level 0.9 Armour
 + Level 3.1 Dodging
 * Level 4.5 Unarmed Combat
 + Level 2.6 Spellcasting
 * Level 2.9 Transmutations


You had 5 spell levels left.
You knew the following spells:

 Your Spells              Type           Power        Failure   Level
a - Beastly Appendage     Tmut           #.....       16%         1
b - Spider Form           Tmut/Pois      #.........   65%         3

Your spell library contained the following spells:

 Spells                   Type           Power        Failure   Level
 Wereblood                Tmut           #.......     24%         2
 Ice Form                 Ice/Tmut       #.......     96%         4
 Blade Hands              Tmut           #.........   99%         5


Dungeon Overview and Level Annotations

Branches:
Dungeon (3/15)

Altars:
Cheibriados
Wu Jian

Annotations:
D:3 exclusion: upstairs, Grinder


Innate Abilities, Weirdness & Mutations

You have a beak for a mouth.
You have claws for feet.
You can fly continuously.


Message History

* * * LOW HITPOINT WARNING * * *
It was a potion of cancellation.
You feel magically purged.
Your magical contamination has completely faded away.
* * * LOW HITPOINT WARNING * * *
You feel sick. Grinder barely misses you.
It was a potion of ambrosia.
You are confused.
You feel invigorated. Grinder gestures at you.
You resist with significant effort.
You closely miss Grinder. Your peck misses Grinder.
You feel sick. Grinder hits you!
* * * LOW HITPOINT WARNING * * *
You writhe in agony.
* * * LOW HITPOINT WARNING * * *
You closely miss Grinder. Your kick misses Grinder.
You peck Grinder, but do no damage. Grinder gestures at you.
Pain shoots through your body!
You die...

## .# ##########
.###........############
............'...@5......
.###........###.........
............###'####....
.###..###........### ###
...<....+...........
.##....##........##
.##.....#........##
.##........#'#....+
.##...#..###.'....#


You could see Grinder.

Vanquished Creatures
  Ijyb (D:3)
  Natasha (twice) (D:3)
  Robin (D:3)
  4 adders
  2 worms (D:2)
  3 dart slugs
  2 leopard geckos
  3 orcs (D:3)
  A ball python (D:1)
  9 bats
  18 goblins
  11 hobgoblins
  3 jackals (D:2)
  5 kobolds
  3 quokkas (D:3)
  3 frilled lizards
  7 rats
78 creatures vanquished.

Notes
Turn   | Place    | Note
-------+----------+-------------------------------------------
     0 | D:1      | kae the Tengu Transmuter began the quest for the Orb.
     0 | D:1      | Reached XP level 1. HP: 12/12 MP: 4/4
   207 | D:1      | Reached XP level 2. HP: 13/16 MP: 4/6
   602 | D:1      | Reached XP level 3. HP: 5/20 MP: 5/7
   607 | D:1      | Learned a level 3 spell: Spider Form
  1783 | D:2      | Reached XP level 4. HP: 11/25 MP: 8/8
  2142 | D:2      | Found a snail-covered altar of Cheibriados.
  2144 | D:2      | Found an ornate altar of the Wu Jian Council.
  2182 | D:2      | Reached skill level 4 in Unarmed Combat
  2643 | D:3      | Noticed Ijyb
  2658 | D:3      | Killed Ijyb
  2759 | D:2      | Became a worshipper of the Wu Jian Council
  2838 | D:3      | Gained mutation: You can fly continuously. [Tengu growth]
  2838 | D:3      | Reached XP level 5. HP: 27/30 MP: 7/9
  3259 | D:3      | Noticed Robin
  3278 | D:3      | HP: 1/30 [poisoned by a goblin]
  3516 | D:3      | Noticed Natasha
  3719 | D:3      | Killed Natasha
  3767 | D:3      | Noticed Natasha
  3778 | D:3      | Killed Natasha
  4102 | D:3      | Killed Robin
  4157 | D:3      | Noticed Grinder
  4163 | D:3      | Killed from afar by Grinder

Illustrated notes

Levels and vault maps discovered:
D:1:      wander_arrival_abandoned_jail, layout_basic
D:2:      layout_basic, nicolae_overflow_hidden_temple, minmay_tree_intersection
D:3:      layout_basic, dk_noncrumbling_2, uniq_grinder, uniq_natasha,
          uniq_robin, uniq_sigmund, uniq_ijyb

Skill      XL: |  1  2  3  4  5 |
---------------+----------------+-----
Transmutations | 2 |  2.9
Unarmed Combat | 4 |  4.5
Dodging        | 3 |  3.1
Fighting       | 2 |  2.1
Armour         | |  0.9
Spellcasting   | |  2.6

Action                   |  1- 3 |  4- 6 || total
-------------------------+-------+-------++-------
Melee: Unarmed           |    97 |    92 ||   189
       Peck              |    13 |    12 ||    25
       Kick              |    11 |    13 ||    24
       Headbutt          |     5 |     3 ||     8
 Cast: Beastly Appendage |    26 |    14 ||    40
       Spider Form       |       |     3 ||     3
Invok: Lunge             |       |     7 ||     7
 Abil: Fly               |       |     1 ||     1
  Use: Potion            |     1 |     5 ||     6
       Scroll            |       |     1 ||     1
 Stab: Sleeping          |     2 |       ||     2
Armor: Robe              |     6 |       ||     6
       Leather armour    |     5 |     3 ||     8
       Ring mail         |       |    12 ||    12
       Skin              |       |     1 ||     1
Dodge: Dodged            |    65 |    41 ||   106

Table legend: (Time is in decaauts)
 A = Elapsed time spent in this place.
 B = Non-inter-level travel time spent in this place.
 C = Inter-level travel time spent in this place.
 D = Time resting spent in this place.
 E = Time spent auto-exploring this place.
 F = Levels seen in this place.
 G = Mean time per level.
                   A        B        C        D        E       F      G
               +--------+--------+--------+--------+--------+-----+--------+
         Total |   4102 |   4037 |     65 |    623 |   2784 |   3 | 1367.3 |
       Dungeon |   4102 |   4037 |     65 |    623 |   2784 |   3 | 1367.3 |
               +--------+--------+--------+--------+--------+-----+--------+

Top non-repeatable levels by time:
     D:2: 1481 daAuts
     D:1: 1318 daAuts
     D:3: 1303 daAuts
